 Dungeon Crawl Stone Soup version 0.24.0-35-gdb84b6a5db (webtiles) character file.

Game seed: 9167775832609203524, levelgen mode: deterministic

302 Flugslaktarn the Chopper (level 6, -11/53 HPs)
             Began as a Minotaur Fighter on Nov 18, 2019.
             Was a Follower of Makhleb.
             Mangled by an ogre
             ... wielding a +0 giant club
              (18 damage)
             ... on level 4 of the Dungeon.
             The game lasted 00:01:38 (2320 turns).

Flugslaktarn the Chopper (Minotaur Fighter)         Turns: 2320, Time: 00:01:39

Health: -11/53     AC:  9    Str: 23    XL:     6   Next: 14%
Magic:  6/6        EV:  7    Int:  5    God:    Makhleb [*.....]
Gold:   135        SH: 10    Dex:  9    Spells: 5/5 levels left

rFire    . . .     SeeInvis .   a - +0 war axe
rCold    . . .     Gourm    .   c - +0 shield
rNeg     . . .     Faith    .   b - +0 scale mail
rPois    .         Spirit   .   o - +1 hat
rElec    .         Reflect  .   (no cloak)
rCorr    .         Harm     .   x - +0 pair of gloves
MR       .....                  (no boots)
Stlth    ..........             (no amulet)
HPRegen  0.17/turn              (no ring)
MPRegen  0.10/turn              (no ring)

@: no status effects
A: retaliatory headbutt, horns 2
a: Renounce Religion


You were on level 4 of the Dungeon.
You worshipped Makhleb.
Makhleb was aware of your devotion.
You were not hungry.

You visited 1 branch of the dungeon, and saw 4 of its levels.

You collected 135 gold pieces.

Inventory:

Hand Weapons
 a - a +0 war axe (weapon)
Armour
 b - a +0 scale mail (worn)
 c - a +0 shield (worn)
 o - a +1 hat (worn)
   (You found it on level 1 of the Dungeon)
 x - a +0 pair of gloves (worn)
   (You found it on level 3 of the Dungeon)
Jewellery
 r - a +3 ring of intelligence {unknown}
   (You found it on level 2 of the Dungeon)
 u - an uncursed ring of ice {unknown}
   (You found it on level 2 of the Dungeon)
Scrolls
 f - 3 scrolls of identify {unknown}
 i - 2 scrolls of amnesia {unknown}
 j - 5 scrolls of magic mapping {unknown}
 k - a scroll of blinking {unknown}
 l - a scroll of fog {unknown}
 n - a scroll of teleportation {unknown}
 p - a scroll of fear {unknown}
 s - 2 scrolls of immolation {unknown}
 v - a scroll of enchant armour {unknown}
Potions
 d - a potion of might
 g - 3 potions of degeneration {unknown}
 h - a potion of invisibility {unknown}
 m - 2 potions of flight {unknown}
 q - 3 potions of curing
 t - a potion of cancellation {unknown}
Comestibles
 e - 4 rations
 w - a chunk of flesh


   Skills:
 + Level 4.7 Fighting
 * Level 5.0 Axes
 + Level 4.7 Armour
 + Level 4.8 Shields
 + Level 1.9 Invocations


You had 5 spell levels left.
You didn't know any spells.
Your spell library was empty.

Dungeon Overview and Level Annotations

Branches:
Dungeon (4/15)
 Temple: D:4-7

Altars:
Ashenzari
Makhleb
Nemelex Xobeh
Sif Muna


Innate Abilities, Weirdness & Mutations

You reflexively headbutt those who attack you in melee.
You have a pair of horns on your head.


Message History

Found a stone staircase leading down.
A hound skeleton comes into view.
Found a stone staircase leading up.
There is a stone staircase leading down here.
The hound skeleton bites you but does no damage.
The hound skeleton barely misses you.
Found four items.
You block the hound skeleton's attack. You block the hound skeleton's attack.
The hound skeleton bites you but does no damage.
Found a dagger.
You barely miss the ogre.
Your shield and scale mail prevent you from hitting the hound skeleton.
You block the hound skeleton's attack. The ogre hits you with a +0 giant club!
* * * LOW HITPOINT WARNING * * *
The hound skeleton barely misses you.
Your shield prevents you from hitting the ogre.
You hit the hound skeleton. You hit the gnoll. The gnoll barely misses you.
The ogre hits you with a +0 giant club!!
You die...

##########
#........)#
#.........#
#.........#
#!$.....!.#
#.........######
#..............#
#.......@<......
#......ZOg......
#......>........
##...=...........
......##.#........
#.......>#........
#....##...#.......
#... ##..##.....#
#.... #..#######


You could see an ogre, a gnoll and a hound skeleton.

Vanquished Creatures
  Sigmund (D:2)
  Terence (D:2)
  3 gnolls (D:4)
  2 adders (D:2)
  A worm (D:3)
  3 leopard geckos
  3 orcs (D:3)
  4 giant cockroaches
  5 goblins
  4 hobgoblins
  4 jackals (D:1)
  3 quokkas
  7 bats
  4 frilled lizards
  7 kobolds
  11 rats
63 creatures vanquished.

Notes
Turn   | Place    | Note
-------+----------+-------------------------------------------
     0 | D:1      | Flugslaktarn the Minotaur Fighter began the quest for the
                  | Orb.
     0 | D:1      | Reached XP level 1. HP: 19/19 MP: 0/0
   231 | D:1      | Reached XP level 2. HP: 27/27 MP: 1/1
   367 | D:1      | Reached skill level 3 in Axes
   905 | D:2      | Reached XP level 3. HP: 33/33 MP: 2/2
   959 | D:2      | Found a burning altar of Makhleb.
   968 | D:2      | Became a worshipper of Makhleb the Destroyer
  1004 | D:2      | Noticed Sigmund
  1024 | D:2      | Killed Sigmund
  1024 | D:2      | Reached skill level 4 in Axes
  1024 | D:2      | Reached skill level 1 in Invocations
  1024 | D:2      | Reached XP level 4. HP: 28/41 MP: 2/4
  1024 | D:2      | Reached XP level 5. HP: 32/47 MP: 2/5
  1336 | D:2      | Found a sparkling altar of Nemelex Xobeh.
  1338 | D:2      | Noticed Terence
  1339 | D:2      | Found a shimmering blue altar of Sif Muna.
  1348 | D:2      | Killed Terence
  1901 | D:3      | Found a faded altar of an unknown god.
  1965 | D:3      | Reached XP level 6. HP: 53/53 MP: 6/6
  2095 | D:3      | Found a shattered altar of Ashenzari.
  2301 | D:4      | Reached * piety under Makhleb
  2301 | D:4      | Reached skill level 5 in Axes
  2320 | D:4      | Mangled by an ogre

Levels and vault maps discovered:
D:1:      scummos_arrival_forest, layout_basic, minmay_misc_feat_pillars
D:2:      layout_basic, grunt_temple_overflow_open, overflow_temple_1_default,
          uniq_terence, uniq_sigmund
D:3:      layout_loops_ring, chequers_ecumenical_altar_grove, first_ration,
          evilmike_ruin_ashenzari
D:4:      layout_rooms, old_standard_altar

Skill      XL: |  1  2  3  4  5  6 |
---------------+-------------------+-----
Axes           | 3 4 5 |  5.0
Fighting       | 4 |  4.7
Armour         | 4 |  4.7
Shields        | 4 |  4.8
Invocations    | 1 |  1.9

Action                   |  1- 3 |  4- 6 || total
-------------------------+-------+-------++-------
Melee: War axe           |    95 |    71 ||   166
       Headbutt          |     6 |     8 ||    14
  Use: Potion            |     1 |       ||     1
  Eat: Chunk             |       |     5 ||     5
Armor: Scale mail        |    42 |    45 ||    87
Dodge: Dodged            |    46 |    16 ||    62
Block: Shield            |    64 |    37 ||   101
